 Dungeon Crawl Stone Soup version 0.20.1-1-g8b1a95d (webtiles) character file.

163 Monsterracer the Ruffian (level 5, -2/40 HPs)
             Began as a Draconian Transmuter on Sept 2, 2017.
             Was a Believer of Zin.
             Slain by Crazy Yiuf
             ... wielding a +4 quarterstaff of chaos
              (6 damage)
             ... on level 3 of the Dungeon.
             The game lasted 00:06:56 (3191 turns).

Monsterracer the Ruffian (Draconian Transmuter)     Turns: 3191, Time: 00:06:57

Health: -2/40      AC:  5    Str: 13    XL:     5   Next: 20%
Magic:  2/8        EV: 12    Int: 14    God:    Zin [**....]
Gold:   195        SH:  0    Dex: 11    Spells: 2/8 levels left

rFire    . . .     SeeInvis .     - Unarmed
rCold    . . .     Gourm    .   (no shield)
rNeg     . . .     Faith    .   (armour unavailable)
rPois    .         Spirit   .   (helmet restricted)
rElec    .         Reflect  .   (no cloak)
rCorr    .         Harm     .   (no gloves)
MR       +....                  (no boots)
Stlth    +.........             (no amulet)
Regen    0.2/turn               n - ring of wizardry
MPRegen  0.2/turn               d - ring of protection from magic

@: lethally poisoned (-2 -> -7), drained
A: unfitting armour, cold-blooded, AC +5
a: Recite, Vitalisation, Donate Gold, Renounce Religion


You were on level 3 of the Dungeon.
You worshipped Zin.
Zin was pleased with you.
You were very hungry.

You visited 1 branch of the dungeon, and saw 3 of its levels.

You collected 216 gold pieces.
You donated 21 gold pieces to Zin.

Inventory:

Missiles
 a - 39 arrows
Jewellery
 d - a ring of protection from magic (right hand)
 n - a ring of wizardry (left hand)
Scrolls
 e - a scroll of fear
 g - a scroll of immolation
 p - a scroll of remove curse
Potions
 f - a potion of haste
 h - 2 potions of heal wounds
 j - 3 potions of might
 m - a potion of brilliance
 o - a potion of lignification {unknown}
Books
 b - a book of Changes

   Spells                             Type                      Level
   a - Beastly Appendage              Transmutation                1
   b - Sticks to Snakes               Transmutation                2
   c - Spider Form                    Transmutation/Poison         3
   d - Ice Form                       Ice/Transmutation            4
   e - Blade Hands                    Transmutation                5
Comestibles
 c - a bread ration
 i - a meat ration
 k - 2 royal jellies


   Skills:
 + Level 1.3(0.9) Fighting
 - Level 1.7(1.4) Dodging
 * Level 4.8(4.4) Unarmed Combat
 - Level 2.0(1.6) Spellcasting
 * Level 3.8(3.4) Transmutations
 + Level 0.4(0.1) Invocations


You had 2 spell levels left.
You knew the following spells:

 Your Spells              Type           Power        Failure   Level  Hunger
a - Beastly Appendage     Tmut           ##....       2%          1    ##.....
b - Sticks to Snakes      Tmut           ##......     3%          2    ###....
c - Spider Form           Tmut/Pois      #.........   16%         3    ####...


Dungeon Overview and Level Annotations

Branches:
Dungeon (3/15)

Altars:
Dithmenos
Trog
Uskayaw
Zin
The Shining One

Annotations:
D:3 Crazy Yiuf


Innate Abilities, Weirdness & Mutations

Your plain brown scales are hard. (AC +5)
You cannot fit into any form of body armour.
You are cold-blooded and may be slowed by cold attacks.


Message History

You hit Crazy Yiuf.
Crazy Yiuf is lightly wounded.
Your ball python barely misses Crazy Yiuf.
Your ball python grabs Crazy Yiuf.
Your ball python constricts Crazy Yiuf.
Your ball python bites Crazy Yiuf but does no damage.
You hit Crazy Yiuf but do no damage.
Crazy Yiuf is lightly wounded.
Crazy Yiuf hits you with a quarterstaff of chaos!
* * * LOW HITPOINT WARNING * * *
You are poisoned.
Your ball python bites Crazy Yiuf but does no damage.
Your ball python constricts Crazy Yiuf.
Your ball python bites Crazy Yiuf.
Huge Dmg: -17%(-7hp) hp: 48%(19hp)
You hit Crazy Yiuf but do no damage.
Crazy Yiuf is moderately wounded.
You feel sick.
Crazy Yiuf hits you with a quarterstaff of chaos!
* * * LOW HITPOINT WARNING * * *
You feel drained.
You die...

...........#
*...* #..##
...........#
*#'#* #....
...........#
##g# #..##
...........#
#.## #.>#.
...........##
##.# #..#.
............#
#.## #....
###########.#
##.## ##...
#.# #.gS##
#### #.#
##@S.# #.#
#....#
#.###....#
#........#
#####...##
#####


You could see Crazy Yiuf and 2 friendly ball pythons.

Vanquished Creatures
  A crimson imp (D:3)
  An adder (D:3)
  2 worms (D:2)
  2 dart slugs
  3 leopard geckos
  9 orcs (D:3)
  7 bats
  2 giant cockroaches
  9 goblins
  8 hobgoblins
  4 jackals (D:2)
  11 kobolds
  2 quokkas
  A ball python (D:3)
  8 frilled lizards
  9 rats
79 creatures vanquished.

Vanquished Creatures (collateral kills)
  An orc priest (D:3)
1 creature vanquished.

Grand Total: 80 creatures vanquished

Notes
Turn   | Place    | Note
-------+----------+-------------------------------------------
     0 | D:1      | Monsterracer the Draconian Transmuter began the quest for the Orb.
     0 | D:1      | Reached XP level 1. HP: 16/16 MP: 3/3
   135 | D:1      | Reached XP level 2. HP: 23/23 MP: 3/5
   149 | D:1      | Learned a level 2 spell: Sticks to Snakes
   523 | D:1      | Reached XP level 3. HP: 28/28 MP: 6/6
   528 | D:1      | Learned a level 3 spell: Spider Form
   995 | D:2      | HP: 8/28 [worm (8)]
   998 | D:2      | Reached skill level 4 in Unarmed Combat
  1258 | D:2      | Found a hide-covered altar of Uskayaw.
  1508 | D:2      | Found a glowing silver altar of Zin.
  1632 | D:3      | HP: 14/28 [poisoned by a kobold]
  1640 | D:2      | HP: 13/28 [poisoned by a kobold]
  1835 | D:3      | HP: 14/28 [poisoned by a kobold]
  1840 | D:3      | HP: 13/28 [poisoned by a kobold]
  1845 | D:3      | HP: 11/28 [poisoned by a kobold]
  1853 | D:3      | HP: 10/28 [poisoned by a kobold]
  2169 | D:3      | Reached XP level 4. HP: 34/35 MP: 7/7
  2228 | D:3      | Found a bloodstained altar of Trog.
  2272 | D:3      | Found a shadowy altar of Dithmenos.
  2391 | D:2      | Became a worshipper of Zin the Law-Giver
  2391 | D:2      | Reached * piety under Zin
  2442 | D:3      | Found a glowing golden altar of the Shining One.
  2542 | D:3      | HP: 13/35 [orc priest/nerve-wracking pain (10)]
  2545 | D:3      | Reached XP level 5. HP: 15/40 MP: 5/8
  2861 | D:3      | Found a runed door.
  3039 | D:3      | Reached ** piety under Zin
  3178 | D:3      | Noticed Crazy Yiuf
  3190 | D:3      | HP: 19/40 [Crazy Yiuf/quarterstaff of chaos (7)]
  3191 | D:3      | HP: 4/40 [Crazy Yiuf/quarterstaff of chaos (14)]
  3191 | D:3      | Slain by Crazy Yiuf

Skill      XL: |  1  2  3 |
---------------+----------+-----
Transmutations | 3 |  3.8
Unarmed Combat | 4 |  4.8
Fighting       | |  1.3
Dodging        | |  1.7
Spellcasting   | |  2.0
Invocations    | |  0.4

Action                   |  1- 3 |  4- 6 || total
-------------------------+-------+-------++-------
Melee: Unarmed           |   187 |    96 ||   283
       Tailslap          |    14 |     3 ||    17
       Headbutt          |     2 |       ||     2
       Punch             |       |     1 ||     1
 Cast: Beastly Appendage |     5 |       ||     5
       Spider Form       |     2 |     2 ||     4
       Sticks to Snakes  |       |     5 ||     5
Invok: Recite            |       |     1 ||     1
  Use: Scroll            |       |     9 ||     9
 Stab: Sleeping          |       |     1 ||     1
  Eat: Chunk             |     5 |     3 ||     8
Armor: Skin              |    64 |    27 ||    91
Dodge: Dodged            |   131 |    54 ||   185
